 Dungeon Crawl Stone Soup version 0.24-a0-583-g87330a484a (webtiles) character file.

Game seed: 13409555741195951476, levelgen mode: deterministic

184 Mame the Digger (level 5, -2/30 HPs)
             Began as a Gargoyle Earth Elementalist on Aug 28, 2019.
             Shot with an arrow by a centaur (8 damage)
             ... on level 4 of the Dungeon.
             The game lasted 00:11:54 (3088 turns).

Mame the Digger (Gargoyle Earth Elementalist)       Turns: 3088, Time: 00:11:55

Health: -2/30      AC:  6    Str: 15    XL:     5   Next: 63%
Magic:  0/10       EV: 12    Int: 17    God:
Gold:   136        SH:  0    Dex: 10    Spells: 6/10 levels left

rFire    . . .     SeeInvis .   g - +0 dagger (speed)
rCold    . . .     Gourm    .   (no shield)
rNeg     + . .     Faith    .   c - +0 robe
rPois    ∞         Spirit   .   (no helmet)
rElec    +         Reflect  .   (no cloak)
rCorr    .         Harm     .   (no gloves)
MR       .....                  (no boots)
Stlth    ++........             (no amulet)
HPRegen  0.10/turn              i - +4 ring of strength
MPRegen  0.12/turn              (no ring)

@: no status effects
A: negative energy resistance 1, electricity resistance, unbreathing,
petrification resistance, rot immunity, AC +4
a: no special abilities


You were on level 4 of the Dungeon.
You were hungry.

You visited 2 branches of the dungeon, and saw 5 of its levels.

You collected 136 gold pieces.

Inventory:

Hand Weapons
 g - a +0 dagger of speed (weapon)
Missiles
 b - 129 stones (quivered)
Armour
 c - a +0 robe (worn)
Jewellery
 i - a +4 ring of strength (left hand)
Scrolls
 a - 2 scrolls of noise
 k - a scroll of remove curse {unknown}
 m - a scroll of identify
 n - a scroll of enchant weapon {unknown}
Potions
 e - a potion of heal wounds {unknown}
 f - 2 potions of degeneration {unknown}
 l - a potion of curing {unknown}
Comestibles
 d - 5 rations
 o - 3 chunks of flesh


   Skills:
 - Level 1.8 Fighting
 - Level 1.6 Dodging
 - Level 2.1 Stealth
 + Level 3.4 Spellcasting
 + Level 1.9 Conjurations
   Level 0.7 Transmutations
 + Level 5.2 Earth Magic


You had 6 spell levels left.
You knew the following spells:

 Your Spells              Type           Power        Failure   Level  Hunger
a - Sandblast             Erth           ###...       1%          1    None
b - Stone Arrow           Conj/Erth      ###...       12%         3    ###....

Your spell library contained the following spells:

 Spells                   Type           Power        Failure   Level  Hunger
 Passwall                 Tmut/Erth      ##......     8%          2    ##.....
 Petrify                  Tmut/Erth      ##......     43%         4    ####...
 Lee's Rapid Deconstruct  Erth           ###.......   47%         5    ######.


Dungeon Overview and Level Annotations

Branches:
Dungeon (4/15)             Temple (1/1) D:4

Altars:
Ashenzari
Cheibriados
Dithmenos
Elyvilon
Fedhas
Kikubaaqudgha
Makhleb
Nemelex Xobeh
Okawaru
Qazlal
Ru
Trog
Uskayaw
Wu Jian
Zin
The Shining One


Innate Abilities, Weirdness & Mutations

You are resistant to torment.
Your stone body is resilient. (AC +4)
You are immune to poison.
You resist negative energy. (rN+)
You are resistant to electric shocks. (rElec)
You can survive without breathing.
You are immune to petrification.
You are immune to rotting.


Message History

The centaur is heavily wounded.
b - 130 stones The centaur shoots an arrow.
The arrow closely misses you.
Casting: Sandblast (safe; 1% risk of failure)
Confirm with . or Enter, or press ? or * to list all spells.
Aiming: Sandblast (safe; 1% risk of failure)
Press: ? - help, Shift-Dir - straight line, f/p - centaur
Aim: a centaur, wielding a +0 shortbow (heavily wounded)
The blast of sand hits the centaur!
The centaur is almost dead.
b - 129 stones The centaur shoots an arrow.
The arrow hits you.
* * * LOW HITPOINT WARNING * * *
You hear an angry hiss.
Casting: Sandblast (safe; 1% risk of failure)
Confirm with . or Enter, or press ? or * to list all spells.
You don't have enough magic to cast that spell.
Unknown command.
The centaur shoots an arrow.
The arrow hits you!
You die...

*,,,*#.............
*,,,,#........l...#
*,,,.#......⌠......
****#######,,,........†..#<##
*,,,.......,,,#.....⌠÷>.⌠..#*
*,,,.......,,,##............#
*,,,.......****###....⌠ll##.#
*,,,.>.....#### #.#.....#*.#
*,,,.......(@(####.##....#*..
*****#.#.#..(..c..........,..
#..?.....####.##........
#####....#***,*#.......,
##.....**,,,,,,,,,,,
#......,,,,,,,,,,,,
#...###..,*,,,,,,,, #...#
**.,,,,,,,,,, #...#
*,*,,*,,,,,,


You could see a centaur.

Vanquished Creatures
  An iguana (D:4)
  6 adders
  A gnoll (D:1)
  2 worms (D:2)
  4 dart slugs
  A leopard gecko (D:2)
  An orc (D:3)
  3 giant cockroaches
  5 goblins
  11 hobgoblins
  3 jackals (D:3)
  6 kobolds
  A quokka (D:4)
  A ball python (D:1)
  7 bats
  4 frilled lizards
  21 rats
78 creatures vanquished.

Vanquished Creatures (others)
  An iguana (D:4)
1 creature vanquished.

Grand Total: 79 creatures vanquished

Notes
Turn   | Place    | Note
-------+----------+-------------------------------------------
     0 | D:1      | Mame the Gargoyle Earth Elementalist began the quest for
                  | the Orb.
     0 | D:1      | Reached XP level 1. HP: 10/10 MP: 3/3
    41 | D:1      | Reached XP level 2. HP: 8/16 MP: 0/5
    47 | D:1      | Reached skill level 1 in Fighting
   562 | D:1      | Reached skill level 4 in Earth Magic
   607 | D:1      | Reached XP level 3. HP: 19/21 MP: 6/6
  1159 | D:2      | Reached XP level 4. HP: 22/26 MP: 0/8
  1376 | D:2      | Learned a level 3 spell: Stone Arrow
  2208 | D:3      | Reached skill level 1 in Conjurations
  2208 | D:3      | Reached XP level 5. HP: 30/30 MP: 6/9
  2270 | D:3      | Found a shattered altar of Ashenzari.
  2771 | D:3      | Reached skill level 5 in Earth Magic
  2889 | D:4      | Found a staircase to the Ecumenical Temple.
  2895 | Temple   | Entered the Ecumenical Temple
  3080 | D:4      | Noticed a centaur
  3088 | D:4      | Shot with an arrow by a centaur

Levels and vault maps discovered:
D:1:      erik_arrival_orb_chamber, layout_basic
D:2:      layout_basic
D:3:      layout_loops_ring, nicolae_ashenzari_panopticon
D:4:      layout_rooms, lemuel_zombie_altar_yredelemnul,
          gammafunk_temple_overflow_pools, xom_redecorated, kennysheep_mini,
          temple_fountains, portal_sewer_entry_d
Temple:   regret_index_temple_waves

Skill      XL: |  1  2  3  4  5 |
---------------+----------------+-----
Fighting       | 1 |  1.8
Earth Magic    | 4 5 |  5.2
Spellcasting   | 3 |  3.4
Conjurations   | 1 |  1.9
Dodging        | |  1.6
Stealth        | |  2.1
Transmutations | |  0.7

Action                   |  1- 3 |  4- 6 || total
-------------------------+-------+-------++-------
Melee: Unarmed           |    30 |       ||    30
       Dagger            |    48 |    21 ||    69
 Cast: Sandblast         |    37 |    61 ||    98
       Stone Arrow       |       |     5 ||     5
  Use: Scroll            |       |     4 ||     4
  Eat: Chunk             |     1 |     6 ||     7
Armor: Robe              |    19 |    15 ||    34
Dodge: Dodged            |    44 |    34 ||    78

Table legend:
 A = Non-vault XP
 B = Vault XP
 C = Vault XP percentage of total XP
 D = Non-vault monster count
 E = Vault monster count
 F = Vault count percentage of total count
                 A         B        C        D         E       F
            +---------+---------+-------+---------+---------+-------
      Total |     251 |      12 |   4.6 |      67 |      12 |  15.2
            +---------+---------+-------+---------+---------+-------
        D:1 |      39 |      12 |  23.5 |      16 |      12 |  42.9
        D:2 |      82 |       0 |   0.0 |      28 |       0 |   0.0
        D:3 |      51 |       0 |   0.0 |      17 |       0 |   0.0
        D:4 |      66 |       0 |   0.0 |       5 |       0 |   0.0
     Temple |      13 |       0 |   0.0 |       1 |       0 |   0.0
            +---------+---------+-------+---------+---------+-------
